 Dungeon Crawl Stone Soup version 0.22-a0-322-g60b3cfd (webtiles) character file.

135 sankara the Insei (level 5, -8/37 HPs)
             Began as a Barachi Transmuter on Apr 2, 2018.
             Was an Initiate of Okawaru.
             Killed by nerve-wracking pain
             ... invoked by Grinder
              (10 damage)
             ... while paralysed by Grinder
             ... on level 3 of the Dungeon.
             The game lasted 00:08:32 (3256 turns).

sankara the Insei (Barachi Transmuter)              Turns: 3256, Time: 00:08:33

Health: -8/37      AC:  2    Str: 11    XL:     5   Next: 18%
Magic:  4/8        EV:  5    Int: 14    God:    Okawaru [......]
Gold:   78         SH:  0    Dex: 18    Spells: 2/8 levels left

rFire    . . .     SeeInvis .     - Unarmed
rCold    . . .     Gourm    .   (shield currently unavailable)
rNeg     . . .     Faith    .   (armour currently unavailable)
rPois    x         Spirit   .   (helmet currently unavailable)
rElec    .         Reflect  .   (cloak currently unavailable)
rCorr    .         Harm     .   (gloves currently unavailable)
MR       .....                  (boots currently unavailable)
Stlth    ++........             (no amulet)
HPRegen  0.12/turn              (no ring)
MPRegen  0.11/turn              (no ring)

@: paralysed, spider-form (expiring)
A: tiny, +LOS, swims
a: End Transformation, Renounce Religion


You were on level 3 of the Dungeon.
You worshipped Okawaru.
Okawaru was noncommittal.
You were not hungry.
You were a venomous arachnid creature.
You visited 1 branch of the dungeon, and saw 3 of its levels.

You collected 78 gold pieces.

Inventory:

Missiles
 a - 30 arrows
 e - 61 stones (quivered)
Armour
 b - a +0 robe (melded)
 f - a +0 pair of gloves (melded)
   (You found it on level 1 of the Dungeon)
 g - a +0 buckler (melded)
   (You found it on level 2 of the Dungeon)
 i - a +0 helmet (melded)
   (You found it on level 2 of the Dungeon)
 k - a +0 cloak
   (You took it off Crazy Yiuf on level 2 of the Dungeon)
Scrolls
 c - 3 scrolls of identify {unknown}
 h - a scroll of enchant armour {unknown}
 j - a scroll of remove curse {unknown}
Comestibles
 d - 4 rations
 l - 2 chunks of flesh {@w0}


   Skills:
 - Level 1.2 Fighting
 - Level 2.1 Dodging
 + Level 5.0 Unarmed Combat
 - Level 2.1 Spellcasting
 + Level 4.3 Transmutations


You had 2 spell levels left.
You knew the following spells:

 Your Spells              Type           Power        Failure   Level  Hunger
a - Beastly Appendage     Tmut           ##....       13%         1    #......
b - Sticks to Snakes      Tmut           ##......     17%         2    ###....
c - Spider Form           Tmut/Pois      #.........   50%         3    ###....


Dungeon Overview and Level Annotations

Branches:
Dungeon (3/15)

Altars:
Okawaru

Annotations:
D:3 Grinder


Innate Abilities, Weirdness & Mutations

Shadows flee at your approach. (+LOS)
You can swim through water.
((You cover ground slowly.))
((You can hop short distances.))


Message History

The jackal misses you. x2
You barely miss the jackal.
The jackal is severely wounded.
The jackal misses you.
You closely miss the jackal.
The jackal is almost dead.
You kill the jackal!
Okawaru accepts your kill.
You hit the jackal.
The jackal is poisoned.
The jackal is moderately wounded.
The jackal bites you but does no damage.
You hit the jackal.
You kill the jackal!
Okawaru accepts your kill.
Your Unarmed Combat skill increases to level 5!
Your transformation is almost over.
No target in view!
No target in view!
Things that are here:
a jackal corpse x2
You butcher the jackal corpse.
l - 2 chunks of flesh {@w0}
Things that are here:
a jackal skeleton; a jackal corpse You butcher the jackal corpse.
l - 3 chunks of flesh {@w0} (gained 1)
Things that are here:
a jackal skeleton x2
There isn't anything to butcher here.
Eating one of 3 chunks of flesh {@w0}.
You eat one of the 3 chunks of flesh {@w0}.
This raw flesh tastes terrible.
Your transformation has ended.
Your +0 helmet unmelds from your body.
Your +0 pair of gloves unmelds from your body.
Your +0 buckler unmelds from your body.
Your +0 robe unmelds from your body.
HP restored.
An ooze comes into view.
The ooze quivers.
Casting: Spider Form (slightly dangerous; 43% risk of failure)
Confirm with . or Enter, or press ? or * to list all spells.
You turn into a venomous arachnid creature.
Your +0 helmet melds into your body.
Your +0 pair of gloves melds into your body.
Your +0 buckler melds into your body.
Your +0 robe melds into your body.
You bite the ooze!
The ooze is poisoned.
The ooze is heavily wounded.
You hit the ooze but do no damage.
The ooze is heavily wounded.
The ooze hits you.
You hit the ooze.
The ooze is severely wounded.
The ooze hits you.
You bite the ooze!
You kill the ooze!
Okawaru accepts your kill.
No target in view!
Marking area around Grinder as unsafe for travelling.
Grinder comes into view.
Your transformation is almost over.
You start resting.
Your transformation has ended.
Your +0 helmet unmelds from your body.
Your +0 pair of gloves unmelds from your body.
Your +0 buckler unmelds from your body.
Your +0 robe unmelds from your body.
Grinder drinks a potion.
Grinder seems to speed up.
Casting: Spider Form (slightly dangerous; 43% risk of failure)
Confirm with . or Enter, or press ? or * to list all spells.
You turn into a venomous arachnid creature.
Your +0 helmet melds into your body.
Your +0 pair of gloves melds into your body.
Your +0 buckler melds into your body.
Your +0 robe melds into your body.
Grinder closely misses you.
You bite Grinder!
Grinder is lightly wounded.
Grinder hits you.
You writhe in agony.
You closely miss Grinder.
Grinder is lightly wounded.
Grinder barely misses you. Grinder completely misses you.
You hit Grinder.
Grinder is poisoned.
Grinder is moderately wounded.
Grinder hits you!
You writhe in agony.
You barely miss Grinder.
Grinder is moderately wounded.
Your transformation is almost over.
Grinder hits you.
You writhe in agony.
* * * LOW HITPOINT WARNING * * *
You bite Grinder!
Grinder looks as sick as possible!
Grinder is heavily wounded.
Grinder completely misses you. Grinder misses you.
You barely miss Grinder.
Grinder is heavily wounded.
Grinder hits you!
* * * LOW HITPOINT WARNING * * *
Grinder gestures at you.
You suddenly lose the ability to move!
Grinder says, "Tell me all your secrets, or I'll kill you."
Grinder gestures at you. Pain shoots through your body!
You die...

.... ###...# ........#
..#.#...# #.#.#...#
#.#.#...# ###.#s#...#
#.#...#.#...#
#..[....5...#
###.#.....#.#.#..##..
##.....###.#...........
. ....# #.#.#.#..##.##
#.#...# #.#.#.#..# #
#.#...###.#.#.#..#
#....>......#.....


You could see Grinder.

Vanquished Creatures
  Crazy Yiuf (D:2)
  3 adders (D:2)
  2 oozes (D:3)
  3 worms (D:2)
  3 dart slugs
  3 leopard geckos
  5 bats
  4 giant cockroaches
  3 goblins (D:1)
  5 hobgoblins
  7 jackals
  6 frilled lizards
  9 kobolds
  2 rats
56 creatures vanquished.

Notes
Turn   | Place    | Note
-------+----------+-------------------------------------------
     0 | D:1      | sankara the Barachi Transmuter began the quest for the Orb.
     0 | D:1      | Reached XP level 1. HP: 15/15 MP: 3/3
    34 | D:1      | Reached XP level 2. HP: 12/21 MP: 3/5
    38 | D:1      | Learned a level 2 spell: Sticks to Snakes
   673 | D:1      | Reached skill level 3 in Transmutations
   744 | D:1      | Reached XP level 3. HP: 23/26 MP: 4/6
   784 | D:1      | Reached skill level 4 in Unarmed Combat
  1530 | D:2      | Found an iron altar of Okawaru.
  1535 | D:2      | Became a worshipper of Warmaster Okawaru
  1579 | D:2      | HP: 6/26 [leopard gecko (3)]
  1877 | D:2      | HP: 3/26 [adder (4)]
  1981 | D:2      | Reached XP level 4. HP: 18/32 MP: 5/7
  1995 | D:2      | Learned a level 3 spell: Spider Form
  2755 | D:2      | Found a runed door.
  3055 | D:2      | Noticed Crazy Yiuf
  3059 | D:2      | Killed Crazy Yiuf
  3059 | D:2      | Reached skill level 4 in Transmutations
  3059 | D:2      | Reached XP level 5. HP: 37/37 MP: 0/8
  3214 | D:3      | Reached skill level 5 in Unarmed Combat
  3238 | D:3      | Noticed Grinder
  3254 | D:3      | HP: 2/37 [Grinder (8)]
  3256 | D:3      | Paralysed by Grinder for 7 turns
  3256 | D:3      | Killed from afar by Grinder

Vault maps used:
D:1:      shiori_arrival_oz
D:2:      lemuel_doored_altar, uniq_crazy_yiuf_cottage
D:3:      first_ration, fedhas_altar_fruit_tree, uniq_robin, uniq_grinder,
          uniq_ijyb

Skill      XL: |  1  2  3  4  5 |
---------------+----------------+-----
Transmutations | 3 4 |  4.3
Unarmed Combat | 4 5 |  5.0
Fighting       | |  1.2
Dodging        | |  2.1
Spellcasting   | |  2.1

Action                   |  1- 3 |  4- 6 || total
-------------------------+-------+-------++-------
Melee: Unarmed           |   145 |    81 ||   226
       Headbutt          |     7 |       ||     7
       Kick              |    10 |     7 ||    17
       Punch             |     1 |     1 ||     2
 Cast: Beastly Appendage |    21 |     7 ||    28
       Sticks to Snakes  |     1 |     3 ||     4
       Spider Form       |       |     6 ||     6
  Use: Potion            |     1 |       ||     1
  Eat: Chunk             |     2 |     5 ||     7
       Ration            |     1 |       ||     1
Armor: Robe              |    31 |    12 ||    43
       Skin              |       |     3 ||     3
Dodge: Dodged            |    98 |    40 ||   138
Block: Buckler           |       |     6 ||     6

Table legend:
 A = Spawn XP
 B = Non-spawn XP
 C = Spawn XP percentage of total XP
 D = Spawn monster count
 E = Non-spawn monster count
 F = Spawn count percentage of total count
 G = Total turns spent on level
                    A         B        C        D         E        F      G
               +---------+---------+-------+---------+---------+-------+---------
         Total |       0 |     194 |   0.0 |       0 |      56 |   0.0 |  3256
               +---------+---------+-------+---------+---------+-------+---------
           D:1 |       0 |      46 |   0.0 |       0 |      24 |   0.0 |  1397
           D:2 |       0 |     120 |   0.0 |       0 |      22 |   0.0 |  1727
           D:3 |       0 |      28 |   0.0 |       0 |      10 |   0.0 |   132
               +---------+---------+-------+---------+---------+-------+---------

Vault maps used:
D:1:      shiori_arrival_oz
D:2:      lemuel_doored_altar, uniq_crazy_yiuf_cottage
D:3:      first_ration, fedhas_altar_fruit_tree, uniq_robin, uniq_grinder,
          uniq_ijyb

Table legend:
 A = Turns spent in this place as a percentage of turns spent in the entire game.
 B = Non-inter-level travel turns spent in this place as a percentage of non-inter-level travel turns spent in the entire game.
 C = Inter-level travel turns spent in this place as a percentage of turns spent in this place.
 D = Turns resting spent in this place as a percentage of non-inter-level travel turns spent in this place.
 E = Turns spent auto-exploring this place as a percentage of non-inter-level travel turns spent in this place.
 F = Non-inter-level travel turns spent in this place divided by the number of levels of this place that you've seen.
                   A       B       C       D       E      F
               +-------+-------+-------+-------+-------+----------------------
         Total | 100.0 | 100.0 |   3.6 |  41.9 |  36.8 | 1046.7
       Dungeon | 100.0 | 100.0 |   3.6 |  41.9 |  36.8 | 1046.7
               +-------+-------+-------+-------+-------+----------------------

Table legend:
 A = Kills in this place as a percentage of kills in entire the game.
 B = Kills by you in this place as a percentage of kills by you in the entire game.
 C = Kills by friends in this place as a percentage of kills by friends in the entire game.
 D = Other kills in this place as a percentage of other kills in the entire game.
 E = Experience gained in this place as a percentage of experience gained in the entire game.
 F = Experience gained in this place divided by the number of levels of this place that you have seen.
                   A       B       C       D       E      F
               +-------+-------+-------+-------+-------+----------------------
         Total | 100.0 | 100.0 |   N/A |   N/A | 100.0 |  64.7
       Dungeon | 100.0 | 100.0 |   N/A |   N/A | 100.0 |  64.7
               +-------+-------+-------+-------+-------+----------------------
